 Dungeon Crawl Stone Soup version 0.31-a0-1204-ge2c1a860ed (webtiles) character file.

Game seed: 9818758514228504912

476 ooooo the Conjurer (level 7, -12/45 HPs)
             Began as an Octopode Conjurer on Dec 12, 2023.
             Blown up by Ijyb (18 damage)
             ... with a mindburst bolt
             ... on level 4 of the Dungeon.
             The game lasted 00:08:23 (3927 turns).

ooooo the Conjurer (Octopode Conjurer)              Turns: 3927, Time: 00:08:24

Health: -12/45     AC:  2    Str:  6    XL:     7   Next: 10%
Magic:  3/11       EV: 13    Int: 22    God:
Gold:   256        SH:  0    Dex: 11    Spells: 1/12 levels left

rFire   . . .        s - +1 mace (protect)
rCold   . . .        (no shield)
rNeg    . . .        b - +1 hat
rPois   .            (no amulet)
rElec   .            u - ring of resist corrosion
rCorr   +            (no ring)
SInv    .            (no ring)
Will    +....        (no ring)
Stlth   ++++         (no ring)
HPRegen 0.27/turn    (no ring)
MPRegen 0.12/turn    (no ring)
                     (no ring)

%: no passive effects
@: enlightened, flying, very slightly contaminated, hasted, very quick
A: almost no armour, amphibious, 8 rings, camouflage 1, gelatinous body 1,
(nimble swimmer 1), tentacles
a: no special abilities


You were on level 4 of the Dungeon.
You visited 2 branches of the dungeon, and saw 8 of its levels.

You collected 256 gold pieces.

Inventory:

Hand Weapons
 c - a +0 short sword
 s - a +1 mace of protection (weapon)
Missiles
 t - 4 atropa-tipped darts
 v - 2 poisoned darts
Armour
 b - a +1 hat (worn)
Jewellery
 u - a ring of resist corrosion (left tentacle)
Scrolls
 d - a scroll of enchant weapon {unknown}
 e - 2 scrolls of immolation
 g - 2 scrolls of blinking {unknown}
 h - a scroll of vulnerability {unknown}
 l - a scroll of torment {unknown}
 m - a scroll of poison {unknown}
 n - 4 scrolls of teleportation {unknown}
 w - a scroll of identify
Potions
 a - a potion of magic
 j - 2 potions of curing
 k - a potion of might
 o - 2 potions of attraction
 p - a potion of mutation {unknown}
 q - 2 potions of brilliance {unknown}
 r - a potion of invisibility {unknown}


   Skills:
 + Level 2.6 Fighting
 + Level 3.3 Dodging
 + Level 4.7 Stealth
 + Level 3.0 Spellcasting
 * Level 5.4 Conjurations
 + Level 2.0 Shapeshifting


You had one spell level left.
You knew the following spells:

 Your Spells              Type           Power      Damage    Failure   Level
a - Searing Ray           Conj           54%        2d6       1%          2
b - Magic Dart            Conj           100%       1d8       1%          1
c - Fulminant Prism       Conj/Hex       7%         3d7       36%         4
d - Iskenderun's Mystic   Conj/Tloc      15%        2d5       36%         4

Your spell library contained the following spells:

 Spells                   Type           Power      Damage    Failure   Level
 Apportation              Tloc           6%         N/A       12%         1
 Necrotise                Necr           12%        1d4       12%         1
 Summon Small Mammal      Summ           12%        N/A       12%         1
 Dazzling Flash           Conj/Hex       30%        N/A       12%         3
 Ozocubu's Armour         Ice            3%         N/A       36%         3
 Metabolic Englaciation   Hex/Ice        1%         N/A       98%         5
 Simulacrum               Ice/Necr       1%         N/A       100%        6


Dungeon Overview and Level Annotations

Branches:
Dungeon (7/15) Zot: 26700  Temple (1/1) D:4 Zot: 5979

Altars:
Ashenzari
Cheibriados
Elyvilon
Fedhas
Hepliaklqana
Kikubaaqudgha
Okawaru
Qazlal
Ru
Vehumet
Xom
Yredelemnul
Zin

Annotations:
D:4 3 runed translucent doors, Heh's ghost, amateur OpVM; Ijyb


Innate Abilities, Weirdness & Mutations

You cannot wear most types of armour.
You are amphibious.
You can wear up to eight rings at the same time.
Your skin changes colour to match your surroundings (Stealth+).
Your rubbery body absorbs attacks. (AC +1, EV +1)
((You are camouflaged when in or above water. (Stealth+)))
You have tentacles for arms and can constrict up to eight enemies at once.


Message History

Ijyb throws a stone.
The stone hits you but does no damage.
You see here a scroll of identify.
w - a scroll of identify Ijyb zaps a wand.
Your mind is blasted!
Ijyb throws a stone.
The stone hits you. The hound attacks as it pursues you! The hound bites you.
The hound closely misses you. The hound attacks as it pursues you!
The hound bites you. The hound barely misses you.
The hound attacks as it pursues you! The hound bites you.
Casting: Searing Ray (safe; 1% risk of failure)
Confirm with . or Enter, or press ? or * to list all spells.
Aiming: Fulminant Prism (quite dangerous; 36% risk of failure)
Press: ? - help, Dir - move target You miscast Fulminant Prism.
You are very lightly contaminated with residual magic.
Energy rips through your body!
* * * LOW HITPOINT WARNING * * *
The hound closely misses you. The hound bites you.
* * * LOW HITPOINT WARNING * * *
You feel better. The hound bites you.
* * * LOW HITPOINT WARNING * * *
Unknown command.
Casting: Fulminant Prism (quite dangerous; 36% risk of failure)
Confirm with . or Enter, or press ? or * to list all spells.
You miscast Iskenderun's Mystic Blast.
Nothing appears to happen.
The hound misses you. The hound barely misses you.
Unknown command.
Okay, then.
It was a potion of enlightenment.
You feel very buoyant.
You fly up into the air.
The hound completely misses you.
You feel yourself speed up. The hound barely misses you.
Ijyb zaps a wand.
You resist with some effort. The hound bites you.
* * * LOW HITPOINT WARNING * * *
Unknown command.
The hound pauses to sniff the ground.
The hound completely misses you.
Ijyb zaps a wand.
Your mind is blasted!
You die...

.....#....................######
.....#)##........#.#............
.....#.##......###.#.....#######
#.##...# ....###...##.....##....
#.##...##..#........#............
#.#..#..#....##..>..##...........
#.#<#.....#...#........#.........
#.#.#..##...#.##...###...........
#.#.#..##.#.#..#@###......$......
#...#..........#.#...............
#..##..##.......gh...............
.......##.##.)..#.##.............
.####.....................#......
.####...####......###.........<#.
...................####.#####..#.
####.#######......... .... ......
#.# #####.......... ..........


You could see Ijyb and a hound.

Vanquished Creatures
  Eustachio (D:6)
  A phantom (D:6)
  A howler monkey (D:3)
  3 hounds
  2 iguanas
  2 adders
  A dart slug (D:1)
  4 bats
  7 endoplasms
  3 giant cockroaches
  6 goblins
  7 hobgoblins
  7 jackals (D:1)
  2 quokkas
  3 ball pythons (D:1)
  3 frilled lizards
  3 kobolds
  8 rats
64 creatures vanquished.

Notes
Turn   | Place    | Note
-------+----------+-------------------------------------------
     0 | D:1      | ooooo the Octopode Conjurer began the quest for the Orb.
     0 | D:1      | Reached XP level 1. HP: 11/11 MP: 3/3
   321 | D:1      | Reached XP level 2. HP: 16/18 MP: 5/5
   339 | D:1      | Learned a level 2 spell: Searing Ray
   505 | D:1      | Reached skill level 1 in Fighting
   549 | D:1      | Reached XP level 3. HP: 23/23 MP: 3/6
   788 | D:1      | Found a faded altar of an unknown god.
  1599 | D:2      | Reached XP level 4. HP: 24/28 MP: 7/7
  2002 | D:3      | Reached skill level 1 in Shapeshifting
  2326 | D:3      | Found a glowing silver altar of Zin.
  2377 | D:4      | Noticed Ijyb
  2428 | D:4      | Reached XP level 5. HP: 34/34 MP: 3/8
  2745 | D:4      | Reached skill level 5 in Conjurations
  2745 | D:4      | Reached XP level 6. HP: 37/39 MP: 3/10
  3021 | D:4      | Found a staircase to the Ecumenical Temple.
  3028 | D:4      | You fall into a shaft and drop 3 floors!
  3036 | D:6      | Found a stormy altar of Qazlal.
  3068 | D:6      | Noticed Eustachio
  3481 | D:6      | Killed Eustachio
  3482 | D:6      | Reached XP level 7. HP: 41/45 MP: 2/11
  3607 | D:5      | Entered Level 5 of the Dungeon
  3649 | D:4      | Found a hazy altar of Hepliaklqana.
  3653 | D:4      | Found an iron altar of Okawaru.
  3709 | D:4      | Found a runed translucent gate.
  3709 | D:4      | Found a runed translucent gate.
  3709 | D:4      | Found a runed translucent gate.
  3709 | D:4      | Noticed Heh's ghost (amateur OpVM)
  3735 | D:4      | Learned a level 4 spell: Fulminant Prism
  3740 | D:4      | Learned a level 4 spell: Iskenderun's Mystic Blast
  3875 | Temple   | Entered the Ecumenical Temple
  3927 | D:4      | Blown up by Ijyb

Illustrated notes

Levels and vault maps discovered:
D:1:      dpeg_arrival_renting, layout_rooms,
          shapermc_ecumenical_altar_flowoftime
D:2:      minmay_chambers_of_ones, layout_loops_ring, minmay_goblin_kobold_house
D:3:      layout_basic, zin_treasury, bh_walls_and_bars
D:4:      layout_rooms, nicolae_overflow_hidden_temple,
          minmay_temple_entry_slanted, gammafunk_ghost_nasty_kobolds,
          serial_park_tiny_2, minmay_distorted, uniq_ijyb
D:5:      layout_cave_pools
D:6:      layout_basic, mainiacjoe_overflow_tiny_flanked,
          gup_sewer_entry_bubbles, uniq_eustachio, uniq_pikel
D:7:      layout_basic, grunt_temple_overflow_opulence, led_sif_book,
          nicolae_dithmenos_through_a_glass_darkly
Temple:   jpeg_temple_island

Skill      XL: |  1  2  3  4  5  6 |
---------------+-------------------+-----
Stealth        | 3 4 |  4.7
Fighting       | 1 2 |  2.6
Shapeshifting  | 1 2 |  2.0
Conjurations   | 5 |  5.4
Dodging        | 3 |  3.3
Spellcasting   | 3 |  3.0

Action                     |  1- 3 |  4- 6 |  7- 9 || total
---------------------------+-------+-------+-------++-------
  Melee: Unarmed           |     9 |       |       ||     9
         Constrict         |    17 |     5 |       ||    22
         Tentacles         |    21 |     7 |       ||    28
         Short sword       |    59 |    16 |       ||    75
         Punch             |     1 |       |       ||     1
         Mace              |       |    20 |       ||    20
   Cast: Magic Dart        |    15 |       |       ||    15
         Searing Ray       |     8 |    12 |       ||    20
    Use: Scroll            |       |     6 |       ||     6
         Potion            |       |     2 |     3 ||     5
   Stab: Sleeping          |     4 |     4 |       ||     8
 Armour: Skin              |    19 |    34 |     8 ||    61
  Dodge: Dodged            |    42 |    40 |     8 ||    90

Table legend: (Time is in decaauts)
 A = Elapsed time spent in this place.
 B = Non-inter-level travel time spent in this place.
 C = Inter-level travel time spent in this place.
 D = Time resting spent in this place.
 E = Time spent auto-exploring this place.
 F = Levels seen in this place.
 G = Mean time per level.
                   A        B        C        D        E       F      G
               +--------+--------+--------+--------+--------+-----+--------+
         Total |   3926 |   3813 |    113 |    961 |   2064 |   8 |  490.8 |
       Dungeon |   3906 |   3802 |    104 |    961 |   2064 |   7 |  558.0 |
        Temple |     20 |     11 |      9 |      0 |      0 |   1 |   20.0 |
               +--------+--------+--------+--------+--------+-----+--------+

Top non-repeatable levels by time:
     D:1: 1021 daAuts
     D:3: 924 daAuts
     D:2: 775 daAuts
     D:4: 577 daAuts
     D:7: 319 daAuts
     D:6: 245 daAuts
     D:5: 41 daAuts
  Temple: 20 daAuts
